 Dungeon Crawl Stone Soup version 0.31-a0-1448-g4a97266 (webtiles) character file.

Game seed: 7305602251780348290

2003 Meow the Destroyer (level 9, 0/68 HPs)
             Began as a Naga Conjurer on Dec 25, 2023.
             Was an Initiate of Gozag.
             Slain by an orc priest
             ... wielding a +0 mace
              (7 damage)
             ... on level 8 of the Dungeon on Dec 27, 2023.
             The game lasted 00:17:28 (6075 turns).

Meow the Destroyer (Naga Conjurer)                  Turns: 6075, Time: 00:17:29

Health: 0/68       AC:  8    Str:  6    XL:     9   Next: 22%
Magic:  0/20       EV:  9    Int: 26    God:    Gozag
Gold:   416        SH:  0    Dex:  9    Spells: 12/23 levels left

rFire   + . .        a - +0 falchion
rCold   + . .        (no shield)
rNeg    . . .        D - +2 leather armour {rF+}
rPois   +            G - +0 helmet "Pyuto" {Str-4 Int+3 SInv}
rElec   .            (no cloak)
rCorr   .            g - +0 pair of gloves
SInv    +            (no barding)
Will    +....        h - amulet of the acrobat
Stlth   ++           B - ring of protection from cold
HPRegen 0.31/turn    (no ring)
MPRegen 0.17/turn

%: acrobat
@: short of breath, very slow
A: AC +3, large, see invisible, deformed body, poison resistance, slowness 2,
spit poison 1, naga tail 1
a: Spit Poison, Renounce Religion, Potion Petition, Call Merchant, Bribe Branch


You were on level 8 of the Dungeon.
You worshipped Gozag.
Gozag was aware of your devotion.
You visited 2 branches of the dungeon, and saw 9 of its levels.

You collected 895 gold pieces.
You spent 429 gold pieces at shops.
You paid 50 gold pieces to Gozag.

Inventory:

Hand Weapons
 a - a +0 falchion (weapon)
 b - a +0 sling
 c - a +1 whip of venom
Missiles
 o - 6 boomerangs
Armour
 d - a +0 robe
 g - a +0 pair of gloves (worn)
 t - a +0 helmet
 D - a +2 leather armour of fire resistance (worn)
 G - the +0 helmet "Pyuto" (worn) {Str-4 Int+3 SInv}
   (You found it on level 6 of the Dungeon)

   Str-4:     It affects your strength (-4).
   Int+3:     It affects your intelligence (+3).
   SInv:      It lets you see invisible.
Jewellery
 h - an amulet of the acrobat (around neck)
 B - a ring of protection from cold (left hand)
 I - a ring of flight
Wands
 v - a wand of flame (35)
 y - a wand of mindburst (33)
 z - a wand of charming (22)
Scrolls
 j - 3 scrolls of enchant weapon
 n - 2 scrolls of revelation
 q - 3 scrolls of teleportation
 s - 2 scrolls of blinking
 x - 2 scrolls of fog
 C - 2 scrolls of amnesia
 H - a scroll of fear
Potions
 e - 8 potions of curing
 f - 2 potions of heal wounds
 i - 5 potions of lignification
 k - a potion of brilliance {unknown}
 l - 3 potions of mutation {unknown}
 m - 2 potions of invisibility
 p - a potion of berserk rage {unknown}
 r - 3 potions of resistance {unknown}
 u - a potion of enlightenment {unknown}
 w - a potion of magic
 A - a potion of might {unknown}
 E - a potion of ambrosia {unknown}
 F - 4 potions of attraction {unknown}
 J - 7 potions of haste


   Skills:
 - Level 1.5 Dodging
 - Level 3.0 Stealth
 + Level 7.7 Spellcasting
 + Level 9.5 Conjurations


You had 12 spell levels left.
You knew the following spells:

 Your Spells              Type           Power      Damage    Failure   Level
a - Magic Dart            Conj           100%       1d8       1%          1
b - Searing Ray           Conj           100%       2d8       1%          2
B - Iskenderun's Mystic   Conj/Tloc      34%        2d8       13%         4
F - Fulminant Prism       Conj/Alch      17%        3d11      13%         4

Your spell library contained the following spells:

 Spells                   Type           Power      Damage    Failure   Level


Dungeon Overview and Level Annotations

Branches:
Dungeon (8/15)             Temple (1/1) D:7
   Lair: D:8-11

Altars:
Ashenzari
Cheibriados
Dithmenos
Elyvilon
Fedhas
Gozag
Hepliaklqana
Kikubaaqudgha
Makhleb
Nemelex Xobeh
Okawaru
Qazlal
Ru
Sif Muna
Trog
Uskayaw
Vehumet
Wu Jian
Xom
Yredelemnul
Zin
The Shining One

Shops:
D:2 [   D:6 !

Annotations:
D:3 1 runed translucent door, Crazy Yiuf


Innate Abilities, Weirdness & Mutations

Your serpentine skin is tough. (AC +3)
You have supernaturally acute eyesight. (SInv)
Armour fits poorly on your strangely shaped body.
Your system is resistant to poisons. (rPois)
You cover ground very slowly.
You can spit poison.
You have a snake-like lower body.


Message History

The orc priest is no longer distracted by gold.
The orc priest shouts!
The orc priest hits you with a +0 mace.
You barely miss the orc priest.
The orc priest hits you but does no damage.
You hit the orc priest but do no damage.
The orc priest mumbles some strange prayers to Beogh against you.
Pain shoots through your body!
* * * LOW HITPOINT WARNING * * *
Unknown command.
Casting: Searing Ray (safe; 1% risk of failure)
Confirm with . or Enter, or press ? or * to list all spells.
Aiming: Searing Ray (safe; 1% risk of failure)
Press: ? - help, Shift-Dir - straight line, f/p - orc priest
Aim: an orc priest, wielding a +0 mace and wearing a +0 ring mail (85% to hit)
The searing ray hits the orc priest but does no damage. (Press . to maintain the ray.)
The orc priest barely misses you.
Unknown command.
The searing ray hits the orc priest.
The orc priest is moderately wounded.
The orc priest completely misses you.
The searing ray hits the orc priest!
The orc priest is severely wounded.
The orc priest invokes the aid of Beogh against you.
You resist with significant effort.
You closely miss the orc priest.
The orc priest is severely wounded.
You have got your breath back.
The orc priest hits you but does no damage.
The orc priest mumbles some strange prayers to Beogh against you.
Beogh smites you!
* * * LOW HITPOINT WARNING * * *
Aiming: Spit Poison (1% risk of failure)
Press: ? - help, Shift-Dir - straight line, f/p - orc priest
Aim: an orc priest, wielding a +0 mace and wearing a +0 ring mail (severely wounded, 69% to hit)
The splash of poison misses the orc priest.
The orc priest hits you with a +0 mace!
You die...
Your body crumbles into a pile of gold.

#$.$.............#
#.$..............#
#..o$............#
#...$........#####
####'##.....#
#.....#.....#
#....o'.....#####
#########o........#
........@.........#
..>...............#
.........#####....#
.........#<..'....#
.##+######...#....#
#####>...# .##### .
..


You could see an orc priest.

Vanquished Creatures
  Grinder (D:3)
  Edmund (D:6)
  A sky beast (D:7)
  A black bear (D:6)
  2 orc warriors
  2 ice beasts
  A centaur (D:6)
  An ogre (D:3)
  A bullfrog (D:7)
  2 scorpions
  A howler monkey (D:7)
  3 bombardier beetles
  3 jellies
  A hound (D:6)
  3 orc priests
  A gnoll bouda (D:5)
  Ijyb (D:5)
  Terence (D:3)
  3 orc wizards
  Natasha (thrice) (D:3)
  4 gnolls (D:5)
  6 adders
  A shadow imp (D:6)
  A dart slug (D:1)
  19 orcs
  6 ball pythons
  7 bats
  5 endoplasms
  5 giant cockroaches
  5 hobgoblins
  3 jackals
  A quokka (D:1)
  8 frilled lizards
  5 goblins
  7 kobolds
  6 rats
122 creatures vanquished.

Vanquished Creatures (others)
  3 fulminant prisms
3 creatures vanquished.

Grand Total: 125 creatures vanquished

Notes
Turn   | Place    | Note
-------+----------+-------------------------------------------
     0 | D:1      | Meow the Naga Conjurer began the quest for the Orb.
     0 | D:1      | Reached XP level 1. HP: 15/15 MP: 3/3
     0 | D:1      | Upgraded the game from 0.31-a0-1405-g2bb1a01 to
                  | 0.31-a0-1448-g4a97266
   193 | D:1      | Reached XP level 2. HP: 22/22 MP: 3/5
   196 | D:1      | Learned a level 2 spell: Searing Ray
   547 | D:1      | Reached XP level 3. HP: 28/28 MP: 1/7
   816 | D:2      | Found Moagraan's Antique Armour Boutique.
  1537 | D:3      | Noticed Terence
  1578 | D:3      | Noticed Natasha
  1582 | D:3      | Killed Natasha
  1583 | D:3      | Reached XP level 4. HP: 36/36 MP: 3/8
  1720 | D:3      | Found an ancient bone altar of Kikubaaqudgha.
  1722 | D:3      | Noticed Natasha
  1729 | D:3      | Killed Natasha
  1730 | D:3      | Reached skill level 5 in Conjurations
  1778 | D:3      | Found a snail-covered altar of Cheibriados.
  1778 | D:3      | Found an opulent altar of Gozag.
  1780 | D:3      | Found a shimmering blue altar of Sif Muna.
  1786 | D:3      | Became a worshipper of Gozag Ym Sagoz the Greedy
  1860 | D:3      | Found a runed translucent door.
  1861 | D:3      | Noticed Crazy Yiuf
  1973 | D:4      | Learned a level 4 spell: Iskenderun's Mystic Blast
  2020 | D:4      | Reached XP level 5. HP: 37/42 MP: 7/10
  2696 | D:3      | Noticed Natasha
  2700 | D:3      | Killed Natasha
  2792 | D:3      | Noticed an ogre
  2799 | D:3      | Killed an ogre
  2800 | D:3      | Reached XP level 6. HP: 49/49 MP: 4/12
  2893 | D:3      | Noticed Grinder
  2901 | D:3      | Reached skill level 6 in Conjurations
  2905 | D:3      | Paralysed by Grinder for 4 turns
  2941 | D:3      | Killed Grinder
  2942 | D:3      | Reached skill level 5 in Spellcasting
  2942 | D:3      | Reached XP level 7. HP: 55/55 MP: 5/14
  3156 | D:3      | Killed Terence
  3322 | D:5      | Entered Level 5 of the Dungeon
  3346 | D:5      | Noticed Ijyb
  3361 | D:5      | Killed Ijyb
  3510 | D:5      | Reached skill level 7 in Conjurations
  4317 | D:6      | Reached XP level 8. HP: 62/62 MP: 2/16
  4534 | D:6      | Found Ockam's Distillery.
  4542 | D:6      | Bought a potion of curing for 33 gold pieces
  4542 | D:6      | Bought a potion of lignification for 33 gold pieces
  4542 | D:6      | Bought a potion of haste for 110 gold pieces
  4542 | D:6      | Bought a potion of lignification for 33 gold pieces
  4542 | D:6      | Bought 2 potions of lignification for 66 gold pieces
  4542 | D:6      | Bought a potion of curing for 33 gold pieces
  4542 | D:6      | Bought a potion of curing for 33 gold pieces
  4542 | D:6      | Bought a potion of invisibility for 88 gold pieces
  4643 | D:6      | Noticed Edmund
  4654 | D:6      | Killed Edmund
  4655 | D:6      | Reached skill level 8 in Conjurations
  4812 | D:6      | Learned a level 4 spell: Fulminant Prism
  4861 | D:6      | Found a glowing golden altar of the Shining One.
  5003 | D:6      | Identified the +0 helmet "Pyuto" {Str-4 Int+3 SInv}
  5297 | D:7      | Noticed a yak
  5298 | D:7      | Noticed a shadow
  5344 | D:7      | Found a staircase to the Ecumenical Temple.
  5362 | Temple   | Entered the Ecumenical Temple
  5575 | D:7      | Reached skill level 9 in Conjurations
  5601 | D:7      | Reached XP level 9. HP: 32/68 MP: 6/20
  5731 | D:7      | Identified the +0 plate armour of Nihilism {+Blink Regen+}
  6075 | D:8      | Slain by an orc priest

Illustrated notes

Levels and vault maps discovered:
D:1:      ebering_trefoil_3fold, layout_loops_ring, minmay_misc_feat_rows,
          minmay_pentomino_q4
D:2:      layout_loops_ring, serial_shops, nicolae_shop_tiny_waterfront
D:3:      layout_rooms, minitemple, kennysheep_minor_cross,
          supply_closet_lemuel, uniq_terence, uniq_crazy_yiuf_cottage,
          uniq_grinder, uniq_natasha
D:4:      layout_basic, minmay_misc_feat_chi
D:5:      layout_gridville, uniq_ijyb
D:6:      layout_loops_ring, lemuel_round_altar, serial_shops,
          nicolae_shop_industrial_runoff, kennysheep_nub, uniq_edmund
D:7:      layout_basic, temple_green, nicolae_fountain_basement
D:8:      layout_gridville, dpeg_oklobed_lair, dk_noncrumbling_4, uniq_jeremiah,
          uniq_gastronok
Temple:   sentei_temple_godly_chess

Skill      XL: |  1  2  3  4  5  6  7  8 |
---------------+-------------------------+-----
Spellcasting   | 3 4 5 7 |  7.7
Conjurations   | 5 6 7 9 |  9.5
Dodging        | |  1.5
Stealth        | |  3.0

Action                     |  1- 3 |  4- 6 |  7- 9 || total
---------------------------+-------+-------+-------++-------
  Melee: Whip              |     4 |       |       ||     4
         Falchion          |       |       |     8 ||     8
   Fire: Sling             |       |    20 |     9 ||    29
   Cast: Magic Dart        |    49 |    13 |     4 ||    66
         Searing Ray       |     4 |    15 |    40 ||    59
         Fulminant Prism   |       |       |     3 ||     3
         Iskenderun's Myst |       |       |     1 ||     1
Ability: Spit Poison       |    27 |    19 |    36 ||    82
  Evoke: Wand              |       |       |     7 ||     7
    Use: Scroll            |     2 |     1 |     7 ||    10
 Armour: Robe              |    11 |    10 |    11 ||    32
         Leather armour    |       |       |    33 ||    33
  Dodge: Dodged            |     4 |     6 |    19 ||    29

Table legend: (Time is in decaauts)
 A = Elapsed time spent in this place.
 B = Non-inter-level travel time spent in this place.
 C = Inter-level travel time spent in this place.
 D = Time resting spent in this place.
 E = Time spent auto-exploring this place.
 F = Levels seen in this place.
 G = Mean time per level.
                   A        B        C        D        E       F      G
               +--------+--------+--------+--------+--------+-----+--------+
         Total |   7701 |   7336 |    365 |   1400 |   4888 |   9 |  855.7 |
       Dungeon |   7699 |   7334 |    365 |   1400 |   4888 |   8 |  962.4 |
        Temple |      1 |      1 |      0 |      0 |      0 |   1 |    1.0 |
               +--------+--------+--------+--------+--------+-----+--------+

Top non-repeatable levels by time:
     D:3: 1366 daAuts
     D:6: 1317 daAuts
     D:5: 1174 daAuts
     D:1: 994 daAuts
     D:4: 961 daAuts
     D:7: 930 daAuts
     D:2: 879 daAuts
     D:8: 76 daAuts
  Temple: 1 daAuts
